 Dungeon Crawl Stone Soup version 0.23.2-1-ga50397a (webtiles) character file.

Game seed: 4233672379620679354

36 MartialLaw the Cudgeler (level 3, -5/36 HPs)
             Began as a Troll Monk on Mar 31, 2019.
             Slain by Sigmund
             ... wielding a +0 scythe
              (7 damage)
             ... on level 2 of the Dungeon on Apr 15, 2019.
             The game lasted 00:02:36 (720 turns).

MartialLaw the Cudgeler (Troll Monk)                 Turns: 720, Time: 00:02:37

Health: -5/36      AC:  7    Str: 20    XL:     3   Next: 19%
Magic:  2/2        EV:  5    Int:  6    God:
Gold:   70         SH: 11    Dex: 12    Spells: 2/2 levels left

rFire    . . .     SeeInvis .   a - +0 mace
rCold    . . .     Gourm    +   n - +0 large shield
rNeg     . . .     Faith    .   b - +0 robe
rPois    .         Spirit   .   (helmet restricted)
rElec    .         Reflect  .   g - +0 cloak
rCorr    .         Harm     .   (gloves unavailable)
MR       .....                  (boots unavailable)
Stlth    ++........             (no amulet)
HPRegen  0.52/turn              (no ring)
MPRegen  0.08/turn              (no ring)

@: no status effects
A: large, unfitting armour, claws 3, fast metabolism 3, gourmand, regeneration
1, shaggy fur 1, tough skin 3
a: no special abilities


You were on level 2 of the Dungeon.
You were very full.

You visited 1 branch of the dungeon, and saw 2 of its levels.

You collected 70 gold pieces.

Inventory:

Hand Weapons
 a - a +0 mace (weapon)
Armour
 b - a +0 robe (worn)
 g - a +0 cloak (worn)
 n - a +0 large shield (worn)
Scrolls
 e - a scroll of blinking {unknown}
 f - a scroll of identify {unknown}
 h - a scroll of remove curse {unknown}
 j - a scroll of teleportation {unknown}
Potions
 d - a potion of curing {unknown}
 k - 2 potions of flight {unknown}
 l - a potion of might {unknown}
 m - a potion of lignification {unknown}
Comestibles
 c - 5 rations
 i - 3 chunks of flesh


   Skills:
 + Level 2.7 Fighting
 + Level 3.2 Maces & Flails
 + Level 2.8 Dodging
 + Level 1.1 Stealth


You had 2 spell levels left.
You didn't know any spells.
Your spell library was empty.

Dungeon Overview and Level Annotations

Branches:
Dungeon (2/15)

Altars:

Annotations:
D:2 Sigmund


Innate Abilities, Weirdness & Mutations

You are too large for most types of armour.
You have claws for hands.
Your metabolism is lightning-fast.
You like to eat raw meat.
Your natural rate of healing is unusually fast.
You are covered in fur. (AC +1)
You have extremely tough skin. (AC +3)


Message History

You hear some strange, mumbled words.
A puff of flame appears from out of thin air!
The puff of flame hits you.
* * * LOW HITPOINT WARNING * * *
You hear some strange, mumbled words.
You are confused.
Something hits you!
* * * LOW HITPOINT WARNING * * *
The bat hits you but does no damage. x2
The bat barely misses you. Something hits you.
* * * LOW HITPOINT WARNING * * *
Unknown command.
The bat hits you but does no damage. Something hits you but does no damage.
There is a stone staircase leading up here.
The bat hits you but does no damage.
In your confused state, you trip and fall back down the stairs.
* * * LOW HITPOINT WARNING * * *
You feel less confused. You block the bat's attack. Something hits you!
You die...

#r.....# #####
#......# ......
#......# ......
#......# ......
#......##....#
#$.....#.....##
#.$....#.......
#...).........#
#@b{...†#......
#..........###.
####.#..#.##
#.#....#
#....### #...##
#...# ....#


You could see a bat.

Vanquished Creatures
  An ooze (D:1)
  A dart slug (D:1)
  A leopard gecko (D:1)
  2 giant cockroaches (D:1)
  A goblin (D:2)
  4 hobgoblins (D:1)
  2 jackals (D:1)
  6 kobolds (D:1)
  5 bats
  3 frilled lizards (D:1)
  A rat (D:1)
27 creatures vanquished.

Notes
Turn   | Place    | Note
-------+----------+-------------------------------------------
     0 | D:1      | MartialLaw the Troll Monk began the quest for the Orb.
     0 | D:1      | Reached XP level 1. HP: 22/22 MP: 0/0
   198 | D:1      | Reached XP level 2. HP: 29/29 MP: 1/1
   234 | D:1      | Reached skill level 3 in Maces & Flails
   458 | D:1      | Reached XP level 3. HP: 36/36 MP: 2/2
   636 | D:1      | Upgraded the game from 0.23.2 to 0.23.2-1-ga50397a
   696 | D:2      | Noticed Sigmund
   717 | D:2      | HP: 1/36 [something (2)]
   720 | D:2      | Slain by Sigmund

Skill      XL: |  1  2 |
---------------+-------+-----
Maces & Flails | 3 |  3.2
Fighting       | |  2.7
Dodging        | |  2.8
Stealth        | |  1.1

Action                   || total
-------------------------++-------
Melee: Mace              ||   113
 Stab: Sleeping          ||     3
  Eat: Chunk             ||    12
Armor: Robe              ||    67
Dodge: Dodged            ||    64
Block: Large shield      ||    12
